 Dungeon Crawl Stone Soup version 0.25.1-1-g288607f5aa (webtiles) character file.

Game seed: 3667693427433741395

60 Elvor the Bolt Thrower (level 3, -5/30 HPs)
             Began as a Minotaur Hunter on July 21, 2020.
             Slain by a gnoll
             ... wielding a +0 flail
              (7 damage)
             ... on level 2 of the Dungeon.
             The game lasted 00:10:54 (1311 turns).

Elvor the Bolt Thrower (Minotaur Hunter)            Turns: 1311, Time: 00:10:55

Health: -5/30      AC:  3    Str: 17    XL:     3   Next: 82%
Magic:  2/2        EV: 12    Int:  8    God:
Gold:   131        SH:  0    Dex: 10    Spells: 2/2 levels left

rFire    . . .     SeeInvis .   p - +0 war axe
rCold    + . .     Gourm    .   (no shield)
rNeg     . . .     Faith    .   c - +0 leather armour
rPois    .         Spirit   .   (helmet restricted)
rElec    .         Reflect  .   (no cloak)
rCorr    .         Harm     .   (no gloves)
MR       .....                  (no boots)
Stlth    +.........             (no amulet)
HPRegen  0.10/turn              i - ring of protection from cold
MPRegen  0.08/turn              (no ring)

@: no status effects
A: retaliatory headbutt, horns 2
a: no special abilities


You were on level 2 of the Dungeon.
You were not hungry.

You visited 1 branch of the dungeon, and saw 2 of its levels.

You collected 131 gold pieces.

Inventory:

Hand Weapons
 a - a +1 hand crossbow
 b - a +0 short sword
 p - a +0 war axe (weapon)
Missiles
 d - 43 bolts
 g - 11 poisoned darts (quivered)
Armour
 c - a +0 leather armour (worn)
 n - a cursed +0 robe
Jewellery
 i - a ring of protection from cold (left hand)
Scrolls
 e - a scroll of enchant weapon {unknown}
 h - 4 scrolls of identify {unknown}
 q - a scroll of teleportation {unknown}
 r - a scroll of blinking {unknown}
Potions
 j - a potion of mutation {unknown}
 k - a potion of degeneration {unknown}
 l - 2 potions of curing {unknown}
 o - a potion of might {unknown}
Comestibles
 f - 4 rations
 m - 6 chunks of flesh


   Skills:
 * Level 2.8 Fighting
 + Level 1.0 Short Blades
 * Level 0.1 Axes
 + Level 5.5 Crossbows
 * Level 1.1 Armour
 + Level 2.2 Dodging
 + Level 0.8 Stealth


You had 2 spell levels left.
You didn't know any spells.
Your spell library was empty.

Dungeon Overview and Level Annotations

Branches:
Dungeon (2/15)

Altars:


Innate Abilities, Weirdness & Mutations

You reflexively headbutt those who attack you in melee.
You have a pair of horns on your head.


Message History

p - a +0 war axe (weapon)
You closely miss the gnoll. You headbutt the gnoll.
The gnoll is moderately wounded.
The gnoll closely misses you. x2
You barely miss the gnoll.
The gnoll is moderately wounded.
The gnoll closely misses you. You furiously retaliate!
You headbutt the gnoll.
The gnoll hits you from afar with a +0 halberd.
The gnoll hits you with a +0 flail!
You hit the gnoll but do no damage.
The gnoll is severely wounded.
The gnoll misses you.
The gnoll hits you from afar with a +0 halberd!
* * * LOW HITPOINT WARNING * * *
The gnoll misses you.
There is an open door here.
You closely miss the gnoll.
The gnoll is severely wounded.
The gnoll hits you with a +0 flail!
You die...

######## #....... #.######
####### #####.######
........#.....# ######..........)
........#.....# #................
........#.....###................
....(...#.....gg@..........######
!g......#.....###.....###### #
.....(..#.....# #.....# #
gg...(..#.....# #.....# #
#g##.....# #.....# ####
#.##.....# ####### #...
#.##.....### ######.##
#>.......'... ..........
#.##.....#### #######.(.


You could see 2 gnolls.

Vanquished Creatures
  A gnoll (D:2)
  2 adders (D:2)
  An ooze (D:1)
  2 dart slugs (D:1)
  A leopard gecko (D:1)
  2 giant cockroaches
  2 goblins
  3 hobgoblins (D:2)
  3 bats (D:1)
  A frilled lizard (D:1)
  5 kobolds
  2 rats
25 creatures vanquished.

Notes
Turn   | Place    | Note
-------+----------+-------------------------------------------
     0 | D:1      | Elvor the Minotaur Hunter began the quest for the Orb.
     0 | D:1      | Reached XP level 1. HP: 18/18 MP: 0/0
   186 | D:1      | Reached XP level 2. HP: 25/25 MP: 1/1
   231 | D:1      | Reached skill level 5 in Crossbows
   757 | D:2      | Reached XP level 3. HP: 30/30 MP: 2/2
   865 | D:2      | Reached skill level 1 in Short Blades
  1122 | D:2      | Reached skill level 1 in Armour
  1311 | D:2      | Slain by a gnoll

Illustrated notes

Levels and vault maps discovered:
D:1:      dpeg_arrival_fog, layout_basic
D:2:      layout_basic, uniq_natasha

Skill      XL: |  1  2  3 |
---------------+----------+-----
Crossbows      | 5 |  5.5
Short Blades   | 1 |  1.0
Armour         | 1 |  1.1
Fighting       | |  2.8
Axes           | |  0.1
Dodging        | |  2.2
Stealth        | |  0.8

Action                   || total
-------------------------++-------
Melee: Short sword       ||     3
       War axe           ||     6
       Headbutt          ||     1
 Fire: Hand crossbow     ||    66
  Eat: Chunk             ||     1
Armor: Leather armour    ||     4
Dodge: Dodged            ||    17
